 Dungeon Crawl Stone Soup version 0.30.1-9-gdf580d7c3d (webtiles) character file.

Game seed: 7894526530815200400

496 Chiseanne the Trooper (level 6, -3/42 (51) HPs)
             Began as a Demonspawn Wanderer on Oct 13, 2023.
             Constricted to death by Eustachio (5 damage)
             ... on level 4 of the Dungeon.
             The game lasted 00:06:09 (2656 turns).

Chiseanne the Trooper (Demonspawn Wanderer)         Turns: 2656, Time: 00:06:10

HP:   -3/42 (51)    AC: 13    Str: 21    XL:     6   Next: 93%
MP:   9/9           EV:  9    Int: 12    God:
Gold: 235           SH:  4    Dex: 13    Spells: 9/9 levels left

rFire   . . .        a - +2 hand axe (venom)
rCold   . . .        (no shield)
rNeg    . . .        f - +0 ring mail
rPois   .            (no helmet)
rElec   .            (no cloak)
rCorr   .            n - +0 pair of gloves
SInv    .            c - +0 pair of boots
Will    .....        (no amulet)
Stlth   +            j - +6 ring of strength
HPRegen 0.27/turn    (no ring)
MPRegen 0.11/turn

%: no passive effects
@: mighty, grasped by roots, constricted, heavily drained
A: icemail 1, sharp scales 1, condensation shield
a: no special abilities


You were on level 4 of the Dungeon.
You visited 1 branch of the dungeon, and saw 4 of its levels.

You collected 235 gold pieces.

Inventory:

Hand Weapons
 a - a +2 hand axe of venom (weapon)
Missiles
 g - 36 stones
 i - 7 boomerangs
 m - 15 poisoned darts
 r - 6 datura-tipped darts
Armour
 c - a +0 pair of boots (worn)
 f - a +0 ring mail (worn)
 n - a +0 pair of gloves (worn)
Magical Staves
 q - a staff of death
Jewellery
 j - a +6 ring of strength (left hand)
Wands
 e - a wand of polymorph (4)
 o - a wand of roots (6)
Scrolls
 b - 4 scrolls of teleportation
Potions
 d - a potion of brilliance
 k - a potion of flight
 s - 2 potions of cancellation


   Skills:
 * Level 5.1 Fighting
 - Level 1.0 Axes
 * Level 3.5 Armour
 * Level 3.6 Dodging
 - Level 2.0 Spellcasting
 - Level 3.0 Hexes
 - Level 1.0 Evocations


You had 9 spell levels left.
You didn't know any spells.
Your spell library contained the following spells:

 Spells                   Type           Power      Damage    Failure   Level
 Slow                     Hex            32%        N/A       13%         1
 Magic Dart               Conj           4%         1d3       41%         1
 Summon Small Mammal      Summ           4%         N/A       41%         1
 Searing Ray              Conj           2%         2d4       54%         2
 Sublimation of Blood     Necr           1%         N/A       54%         2
 Portal Projectile        Hex/Tloc       8%         N/A       56%         3
 Summon Guardian Golem    Hex/Summ       4%         N/A       56%         3
 Call Canine Familiar     Summ           1%         N/A       78%         3
 Fulminant Prism          Conj/Hex       2%         3d5       93%         4
 Petrify                  Tmut/Erth      1%         N/A       99%         4
 Irradiate                Conj/Tmut      0%         3d11      100%        5


Dungeon Overview and Level Annotations

Branches:
Dungeon (4/15)
 Temple: D:4-7

Altars:
Trog

Shops:
D:3 [   D:4 ?

Annotations:
D:4 Eustachio, Natasha


Innate Abilities, Weirdness & Mutations

A meltable icy envelope protects you from harm. (AC +4)
You are partially covered in razor-sharp scales. (AC +1, Slay +1)
A meltable shield of frost defends you. (SH +4)


Message History

Eustachio gestures wildly while chanting.
The cerulean imp disappears in a puff of smoke!
The bat closely misses you.
Natasha stares at you and mumbles some strange words.
You resist with some effort.
Eustachio mumbles some strange words.
Eustachio blinks!
You closely miss Eustachio.
Eustachio is severely wounded.
You hit the bat.
The bat is poisoned.
You kill the bat!
The bat's corpse disappears in a puff of smoke!
Eustachio barely misses you.
Eustachio zaps a wand.
The roots erupt in riotous growth!
The grasping roots grab you!
Eustachio is unaffected.
The now-empty wand crumbles to dust.
The grasping roots constrict you.
You barely miss Eustachio.
Eustachio is severely wounded.
Eustachio hits you but does no damage.
You feel drained. The grasping roots constrict you.
Natasha casts a spell at you.
The magic dart hits you but does no damage.
Eustachio hits you with a +0 falchion of draining.
* * * LOW HITPOINT WARNING * * *
You feel drained.
* * * LOW HITPOINT WARNING * * *
The grasping roots constrict you.
* * * LOW HITPOINT WARNING * * *
You closely miss Eustachio.
Eustachio is severely wounded.
You slash the river rat!
The river rat is poisoned.
Eustachio is no longer moving quickly.
You kill the river rat!
The river rat's corpse disappears in a puff of smoke!
You block Eustachio's attack. The grasping roots constrict you.
* * * LOW HITPOINT WARNING * * *
Eustachio mumbles some strange words.
The grasping roots constrict you.
You die...

#.. #.# # #.# #.# #.#.
#5# #.#####.#.##### #h#
#.............# #.#
#.##..........
#.#####.##.##.#.##..
#..§.#...#.##.#.##.# ###
####5h#.#..##.#.##.##...
#§5.@§.....#.##.#....
##.#@#.##.#..........
#..rr...###.#..#....
#.#r####.#.###.##...
#.#.# #.# #..##### #.#.#
#.#.##..).... #.#.. ..#
#.†...##.. #.#.##.#
##.#####.# #<#.#.#
##.......


You could see Eustachio, Natasha, 2 cerulean imps, a river rat (summoned), a
quokka (summoned) and a rat (summoned).

Vanquished Creatures
  Grinder (D:3)
  A kobold brigand (D:4)
  2 orc priests (D:3)
  A scorpion zombie (D:2)
  An orc wizard (D:3)
  4 adders
  2 ufetubi (D:4)
  An adder skeleton (D:2)
  An adder zombie (D:2)
  A worm (D:3)
  2 dart slugs
  9 orcs
  9 bats
  7 endoplasms
  A giant cockroach (D:4)
  5 goblins (D:1)
  3 hobgoblins
  6 kobolds
  A quokka (D:4)
  9 ball pythons
  A ball python skeleton (D:2)
  2 ball python zombies (D:2)
  3 frilled lizards
  A jackal skeleton (D:2)
  8 rats
82 creatures vanquished.

Notes
Turn   | Place    | Note
-------+----------+-------------------------------------------
     0 | D:1      | Chiseanne the Demonspawn Wanderer began the quest for the
                  | Orb.
     0 | D:1      | Chiseanne set off with the following items: a +1 hand axe,
                  | a scroll of teleportation, a +0 robe; and the following
                  | spell memorised: Slow; and the following spells available
                  | to memorise: Portal Projectile, Summon Guardian Golem.
     0 | D:1      | Reached XP level 1. HP: 18/18 MP: 3/3
   131 | D:1      | Gained mutation: You are partially covered in razor-sharp
                  | scales. (AC +1, Slay +1) [demonic ancestry]
   131 | D:1      | Reached XP level 2. HP: 9/24 MP: 5/5
   235 | D:1      | Reached skill level 1 in Dodging
   551 | D:1      | Reached skill level 1 in Armour
   880 | D:1      | Gained mutation: A meltable shield of frost defends you.
                  | (SH +4) [demonic ancestry]
   880 | D:1      | Reached XP level 3. HP: 29/29 MP: 6/6
  1108 | D:2      | Gained mutation: A meltable icy envelope protects you from
                  | harm. (AC +4) [demonic ancestry]
  1108 | D:2      | Reached XP level 4. HP: 33/37 MP: 7/7
  1194 | D:2      | Found a bloodstained altar of Trog.
  1695 | D:3      | Noticed Grinder
  1824 | D:3      | Paralysed by Grinder for 4 turns
  1830 | D:3      | Reached skill level 4 in Fighting
  1830 | D:3      | Killed Grinder
  1831 | D:3      | Reached XP level 5. HP: 30/43 MP: 8/8
  1831 | D:3      | Reached XP level 6. HP: 34/49 MP: 9/9
  2212 | D:3      | Found Puygul's Antique Armour Emporium.
  2523 | D:4      | Found Zenealue's Magic Scroll Shop.
  2567 | D:4      | Reached skill level 5 in Fighting
  2622 | D:4      | Noticed Natasha
  2622 | D:4      | Noticed Eustachio
  2656 | D:4      | HP: 2/42 [constriction (4)]
  2656 | D:4      | Constricted to death by Eustachio

Illustrated notes

Levels and vault maps discovered:
D:1:      arrival_zaba_pyramid, layout_loops_ring
D:2:      layout_loops_ring, serial_undead, serial_undead_c, serial_undead_d,
          serial_undead_c, serial_undead_d, serial_undead_b, serial_undead_d,
          serial_undead_e, serial_undead_b, serial_undead_a, serial_undead_c,
          basic_altar
D:3:      layout_loops_ring, serial_shops, shop, uniq_grinder
D:4:      layout_loops_ring, yredelemnul_altar_generic, serial_shops,
          shop_scrolls, minmay_misc_feat_enclosed, uniq_eustachio, uniq_natasha

Skill      XL: |  1  2  3  4  5  6 |
---------------+-------------------+-----
Dodging        | 1 3 |  3.6
Armour         | 1 2 3 |  3.5
Fighting       | 4 5 |  5.1
Axes           | |  1.0
Spellcasting   | |  2.0
Hexes          | |  3.0
Evocations     | |  1.0

Action                     |  1- 3 |  4- 6 || total
---------------------------+-------+-------++-------
  Melee: Hand axe          |    90 |   143 ||   233
         Punch             |     1 |     2 ||     3
    Use: Scroll            |     4 |     7 ||    11
         Potion            |       |     3 ||     3
 Armour: Robe              |     6 |       ||     6
         Ring mail         |    29 |    92 ||   121
  Dodge: Dodged            |    60 |    96 ||   156
  Block: Other             |     4 |    32 ||    36
